 Dungeon Crawl Stone Soup version 0.21.0-24-g2553a33 (webtiles) character file.

303 JeffiDaFish the Chopper (level 6, -1/55 HPs)
             Began as a Minotaur Fighter on Jan 20, 2018.
             Killed from afar by HilariousDeathArtist's ghost (4 damage)
             ... with a magic dart
             ... on level 3 of the Dungeon.
             The game lasted 00:03:17 (1625 turns).

JeffiDaFish the Chopper (Minotaur Fighter)          Turns: 1625, Time: 00:03:18

Health: -1/55      AC:  7    Str: 22    XL:     6   Next: 15%
Magic:  5/5        EV:  8    Int:  5    God:
Gold:   32         SH: 10    Dex: 12    Spells: 5/5 levels left

rFire    . . .     SeeInvis .   a - +2 war axe
rCold    . . .     Gourm    .   c - +0 shield
rNeg     . . .     Faith    .   b - +0 scale mail
rPois    .         Spirit   .   (helmet restricted)
rElec    .         Reflect  .   (no cloak)
rCorr    .         Harm     .   (no gloves)
MR       .....     Rnd*Tele +   (no boots)
Stlth    ..........             (no amulet)
HPRegen  0.18/turn              e - ring of teleportation (curse)
MPRegen  0.09/turn              i - +2 ring of strength

@: no status effects
A: retaliatory headbutt, horns 2
a: no special abilities


You were on level 3 of the Dungeon.
You were not hungry.

You visited 1 branch of the dungeon, and saw 3 of its levels.

You collected 32 gold pieces.

Inventory:

Hand Weapons
 a - a +2 war axe (weapon)
Armour
 b - a +0 scale mail (worn)
 c - a +0 shield (worn)
Jewellery
 e - a cursed ring of teleportation (left hand)
 i - a +2 ring of strength (right hand)
Scrolls
 g - a scroll of identify
Comestibles
 d - 3 chunks of flesh
 f - 4 rations


   Skills:
 + Level 4.9 Fighting
 + Level 5.5 Axes
 + Level 4.8 Armour
 + Level 1.1 Dodging
 + Level 0.4 Stealth
 + Level 4.3 Shields


You had 5 spell levels left.
You didn't know any spells.

Dungeon Overview and Level Annotations

Branches:
Dungeon (3/15)

Altars:
Nemelex Xobeh

Annotations:
D:3 HilariousDeathArtist's ghost, amateur FoCj


Innate Abilities, Weirdness & Mutations

You reflexively headbutt those who attack you in melee.
You have a pair of horns on your head.


Message History

You closely miss HilariousDeathArtist's ghost.
Your headbutt misses HilariousDeathArtist's ghost.
HilariousDeathArtist's ghost is moderately damaged.
HilariousDeathArtist's ghost gestures at you while chanting.
The magic dart hits you!
HilariousDeathArtist's ghost hits you but does no damage.
Your shield prevents you from hitting HilariousDeathArtist's ghost.
You headbutt HilariousDeathArtist's ghost.
HilariousDeathArtist's ghost is moderately damaged.
HilariousDeathArtist's ghost hits you but does no damage.
You hit HilariousDeathArtist's ghost.
Your headbutt misses HilariousDeathArtist's ghost.
HilariousDeathArtist's ghost is moderately damaged.
HilariousDeathArtist's ghost hits you but does no damage.
You slash HilariousDeathArtist's ghost!
You headbutt HilariousDeathArtist's ghost!
HilariousDeathArtist's ghost is severely damaged.
HilariousDeathArtist's ghost points at you and mumbles some strange words.
The magic dart hits you!
You die...

###########
.....#...###########
#.#...............#
##...#...#.###.###.#
#.....####.# #.#...#
##...## #.# #...#.#
##§## #.# ###...# #@#
#.# ##..# #W#
#.######..# #§#
#.........# #§§§#
########.## #.....# ##
#.# #.......# ##.###.#
#.........####...##.##
...........+...........
............####....####


You could see HilariousDeathArtist's ghost.

Vanquished Creatures
  Sigmund (D:2)
  Jessica (D:2)
  Natasha (D:2)
  5 adders
  2 oozes (D:2)
  A worm (D:2)
  A leopard gecko (D:1)
  3 giant cockroaches
  8 hobgoblins
  3 jackals (D:1)
  4 ball pythons (D:1)
  6 bats
  A frilled lizard (D:1)
  A goblin (D:1)
  4 kobolds
  5 rats
47 creatures vanquished.

Notes
Turn   | Place    | Note
-------+----------+-------------------------------------------
     0 | D:1      | JeffiDaFish the Minotaur Fighter began the quest for the Orb.
     0 | D:1      | Reached XP level 1. HP: 19/19 MP: 0/0
   155 | D:1      | Reached XP level 2. HP: 27/27 MP: 1/1
   647 | D:2      | Reached XP level 3. HP: 20/33 MP: 2/2
   833 | D:2      | Reached skill level 3 in Axes
   836 | D:2      | Found a sparkling altar of Nemelex Xobeh.
   921 | D:2      | Noticed Sigmund
   929 | D:2      | Noticed Natasha
   940 | D:2      | Killed Natasha
   973 | D:2      | Noticed Jessica
   978 | D:2      | Killed Jessica
   978 | D:2      | Reached XP level 4. HP: 39/41 MP: 3/3
   985 | D:2      | Reached skill level 4 in Axes
  1205 | D:2      | Killed Sigmund
  1205 | D:2      | Reached skill level 5 in Axes
  1205 | D:2      | Reached skill level 1 in Dodging
  1205 | D:2      | Reached XP level 5. HP: 44/47 MP: 4/4
  1205 | D:2      | Reached XP level 6. HP: 52/55 MP: 5/5
  1598 | D:3      | Noticed HilariousDeathArtist's ghost (amateur FoCj)
  1617 | D:3      | HP: 2/55 [HilariousDeathArtist's ghost/magic dart (8)]
  1625 | D:3      | Killed from afar by HilariousDeathArtist's ghost

Skill      XL: |  1  2  3  4 |
---------------+-------------+-----
Fighting       | 4 |  4.9
Armour         | 4 |  4.8
Axes           | 3 5 |  5.5
Shields        | 4 |  4.3
Dodging        | 1 |  1.1
Stealth        | |  0.4

Action                   |  1- 3 |  4- 6 || total
-------------------------+-------+-------++-------
Melee: War axe           |    72 |    52 ||   124
       Headbutt          |     9 |     9 ||    18
  Use: Scroll            |     4 |     2 ||     6
       Potion            |     3 |     3 ||     6
  Eat: Chunk             |       |     2 ||     2
Armor: Scale mail        |    39 |    25 ||    64
Dodge: Dodged            |    21 |     7 ||    28
Block: Shield            |    37 |    15 ||    52
